AoeStats
← ArcherSC

African Clearing

505216330Analyzed
3v3 RM · 24d ago on Sep 8, 2026· 45m 57s· 6 players
Game mode
Random Map
Map size
Normal (6 player)
Population
200
Speed
Normal
Resources
Standard
Victory
Conquest
Starting age
Dark Age
Ending age
Imperial Age
RankedLock teamsTeams togetherTeam positionsShared explorationLock speedFull tech treeHidden civsTurbo modeCheats
Victory
Defeat
🇨🇳 Spanish · China
1113
+14
🇨🇳 Khmer · China
1113
+14
1087
+15
🇭🇰 Bohemians · Hong Kong SAR China
1075
-15
🇭🇺 Britons · Hungary
1066
-14
🇷🇴 Georgians · Romania
1051
-14
Journey
8:46 Loom
14:55 Feudal Age
19:01 Castle Age
17:07 Double-Bit Axe
17:14 Horse Collar
21:16 Bow Saw
22:11 Heavy Plow
29:39 Pikeman
30:20 Squires
42:22 Imperial Age
40:32 Wheelbarrow
40:53 Arson
41:21 Forging
41:11 Scale Mail Armor
43:48 Conscription
43:21 Treadmill Crane
Balint4321
14:56 Feudal Age
15:25 Loom
15:59 Double-Bit Axe
16:05 Gold Mining
16:36 Loom
20:18 Castle Age
18:53 Fletching
19:40 Horse Collar
20:06 Padded Archer Armor
23:05 Bow Saw
26:43 Crossbowman
27:40 Stone Mining
29:58 Ballistics
33:42 Horse Collar
35:30 Bodkin Arrow
36:28 Heavy Plow
37:29 Leather Archer Armor
43:09 Imperial Age
41:33 Squires
40:54 Pikeman
43:57 Bracer
45:00 Chemistry
45:39 Arbalester
ArcherSC
18:32 Feudal Age
19:12 Double-Bit Axe
19:21 Gold Mining
19:31 Horse Collar
24:10 Castle Age
26:54 Bloodlines
27:37 Bow Saw
31:41 Scale Barding Armor
34:54 Husbandry
35:37 Forging
38:30 Wheelbarrow
39:04 Iron Casting
44:41 Chain Barding Armor
。
4:52 Loom
15:21 Feudal Age
19:30 Castle Age
19:56 Double-Bit Axe
20:17 Horse Collar
27:03 Bow Saw
32:26 Wheelbarrow
33:55 Heavy Plow
34:33 Hand Cart
36:25 Town Watch
39:22 Imperial Age
37:46 Gold Mining
37:47 Stone Mining
38:47 Town Watch
39:41 Gold Shaft Mining
39:41 Stone Shaft Mining
39:34 Tusk Swords
41:04 Chemistry
40:27 Ballistics
40:42 Conscription
40:50 Elite Ballista Elephant
43:30 Double Crossbow
46:11 Siege Engineers
46:02 Murder Holes
无情的报点机器
8:20 Loom
15:04 Feudal Age
19:29 Castle Age
17:46 Double-Bit Axe
18:14 Horse Collar
20:25 Bow Saw
23:14 Bloodlines
24:08 Scale Barding Armor
25:11 Husbandry
25:40 Forging
27:30 Wheelbarrow
30:29 Hand Cart
35:54 Imperial Age
34:04 Gold Mining
34:05 Stone Mining
35:20 Chain Barding Armor
35:45 Heavy Plow
35:36 Cavalier
36:34 Husbandry
37:13 Plate Barding Armor
38:23 Two-Man Saw
37:24 Savar
38:53 Conscription
38:12 Capped Ram
40:34 Iron Casting
40:35 Siege Ram
42:28 Chemistry
42:39 Blast Furnace
41:26 Light Cavalry
42:07 Husbandry
46:16 Scale Mail Armor
46:06 Fletching
CC
7:30 Loom
15:23 Feudal Age
20:35 Castle Age
19:26 Double-Bit Axe
19:55 Horse Collar
21:53 Bow Saw
29:44 Husbandry
32:24 Heavy Plow
35:56 Wheelbarrow
36:30 Bloodlines
39:53 Imperial Age
39:39 Padded Archer Armor
42:33 Hand Cart
42:37 Leather Archer Armor
42:33 Town Watch
42:43 Elite Conquistador
45:10 Conscription
45:27 Ring Archer Armor
Connection lost

Rejoining the realm…

Still unreachable

The connection could not be restored.

Session expired

The server has moved on; the page needs a fresh start.